 Dungeon Crawl Stone Soup version 0.30-a0-715-gdb4ae3ece1 (webtiles) character file.

Game seed: 5613328402370402724

37 ryw the Cudgeller (level 3, 0/37 HPs)
             Began as an Ogre Gladiator on Jan 25, 2023.
             Slain by a worm (3 damage)
             ... on level 1 of the Dungeon.
             The game lasted 00:01:37 (970 turns).

ryw the Cudgeller (Ogre Gladiator)                   Turns: 970, Time: 00:01:37

Health: 0/37       AC:  3    Str: 20    XL:     3   Next: 39%
Magic:  3/3        EV: 10    Int:  9    God:
Gold:   88         SH:  0    Dex: 10    Spells: 2/2 levels left

rFire   . . .      SeeInvis .    a - +0 flail (heavy)
rCold   . . .      Faith    .    (no shield)
rNeg    . . .      Spirit   .    b - +0 robe
rPois   .          Reflect  .    c - +0 hat
rElec   .          Harm     .    (no cloak)
rCorr   .          Rampage  .    (gloves unavailable)
Will    .....                    (boots unavailable)
Stlth   +                        (no amulet)
HPRegen 0.26/turn                (no ring)
MPRegen 0.08/turn                (no ring)

@: attractive
A: large, unfitting armour, tough skin 1
a: no special abilities


You were on level 1 of the Dungeon.
You visited 1 branch of the dungeon, and saw 2 of its levels.

You collected 88 gold pieces.

Inventory:

Hand Weapons
 a - a +0 heavy flail (weapon)
Missiles
 d - 3 throwing nets (quivered)
 e - a large rock
Armour
 b - a +0 robe (worn)
 c - a +0 hat (worn)
Scrolls
 h - a scroll of teleportation
Potions
 i - a potion of curing {unknown}
 l - a potion of flight {unknown}


   Skills:
 + Level 3.2 Fighting
 * Level 3.2 Maces & Flails
 + Level 2.3 Throwing
 + Level 3.0 Dodging


You had 2 spell levels left.
You didn't know any spells.
Your spell library contained the following spells:

 Spells                   Type           Power      Damage    Failure   Level
 Sandblast                Erth           0%         2d4       38%         1
 Passwall                 Tmut/Erth      0%         N/A       52%         2
 Stone Arrow              Conj/Erth      0%         3d7       77%         3


Dungeon Overview and Level Annotations

Branches:
Dungeon (2/15)

Altars:


Innate Abilities, Weirdness & Mutations

You are too large for most types of armour.
You have tough skin. (AC +1)


Message History

The worm closely misses you.
You climb upwards.
There is a stone staircase leading down here.
You miss the jackal. The jackal closely misses you. x2
The jackal barely misses you.
The jackal bites you but does no damage.
The worm bites you. The jackal barely misses you. The jackal bites you.
You barely miss the jackal.
The jackal bites you but does no damage.
The jackal barely misses you. The jackal closely misses you.
The jackal barely misses you. The worm bites you!
You hit the jackal.
The jackal is severely wounded.
The jackal bites you but does no damage.
The jackal bites you. The jackal closely misses you.
The jackal bites you but does no damage.
The worm bites you. The jackal bites you. The jackal misses you.
You barely miss the jackal.
The jackal is severely wounded.
The jackal closely misses you. x2; The jackal misses you.
The jackal bites you but does no damage.
The worm bites you.
You miss the jackal.
The jackal is severely wounded.
The jackal completely misses you.
The jackal bites you but does no damage.
The jackal barely misses you. The jackal bites you. The worm bites you.
* * * LOW HITPOINT WARNING * * *
The jackal barely misses you. x2
You closely miss the jackal.
The jackal is severely wounded.
The jackal barely misses you. The jackal closely misses you.
The worm bites you.
* * * LOW HITPOINT WARNING * * *
The jackal barely misses you. The jackal bites you.
* * * LOW HITPOINT WARNING * * *
It was a potion of attraction.
You feel attractive to monsters.
The jackal barely misses you. x2; The worm bites you.
You die...

#..##.........++.........#.#.#..
##............##........##.#....
#####..†....÷..##....#......#.###
..####...#.......................
≈..###...#.....###...#......#####
≈≈.##...........##.####..........
≈≈.##.........#....##############
≈≈..#.........##hw...............
≈.............##@#.##############
..###.........##h#.# ###
#.........##.#.# ######
#.........##.#.# #.....
#.........##.#.# #.###.
############.#.# #†#...
#.#.#########.#.#.
#.#.........#.#...
#.#.#######.#.####


You could see a worm and 2 jackals.

Vanquished Creatures
  2 dart slugs (D:1)
  3 ball pythons (D:1)
  2 endoplasms (D:1)
  3 giant cockroaches (D:1)
  3 goblins (D:1)
  3 hobgoblins (D:1)
  2 jackals (D:1)
  3 bats (D:1)
  2 frilled lizards (D:1)
  4 kobolds (D:1)
  4 rats (D:1)
31 creatures vanquished.

Notes
Turn   | Place    | Note
-------+----------+-------------------------------------------
     0 | D:1      | ryw the Ogre Gladiator began the quest for the Orb.
     0 | D:1      | Reached XP level 1. HP: 22/22 MP: 1/1
   116 | D:1      | Reached XP level 2. HP: 29/29 MP: 2/2
   361 | D:1      | Reached XP level 3. HP: 37/37 MP: 3/3
   970 | D:1      | Slain by a worm

Illustrated notes

Levels and vault maps discovered:
D:1:      dpeg_arrival_pits, layout_basic, skrybe_limestone_x,
          serial_park_tiny_pond, grunt_decor_resistance, minmay_surrounded
D:2:      layout_rooms, basic_altar

Skill      XL: |  1  2  3 |
---------------+----------+-----
Fighting       | 3 |  3.2
Maces & Flails | 3 |  3.2
Dodging        | 3 |  3.0
Throwing       | |  2.3

Action                     || total
---------------------------++-------
  Melee: Flail             ||    82
    Use: Scroll            ||     4
         Potion            ||     1
   Stab: Sleeping          ||     1
 Armour: Robe              ||    38
  Dodge: Dodged            ||    87

Table legend: (Time is in decaauts)
 A = Elapsed time spent in this place.
 B = Non-inter-level travel time spent in this place.
 C = Inter-level travel time spent in this place.
 D = Time resting spent in this place.
 E = Time spent auto-exploring this place.
 F = Levels seen in this place.
 G = Mean time per level.
                   A        B        C        D        E       F      G
               +--------+--------+--------+--------+--------+-----+--------+
         Total |    998 |    972 |     26 |     54 |    677 |   2 |  499.0 |
       Dungeon |    998 |    972 |     26 |     54 |    677 |   2 |  499.0 |
               +--------+--------+--------+--------+--------+-----+--------+

Top non-repeatable levels by time:
     D:1: 989 daAuts
     D:2: 9 daAuts
